 Dungeon Crawl Stone Soup version 0.28.0 (webtiles) character file.

Game seed: 11473620725433376383

74 RighteousDevil the Ruffian (level 4, 0/44 HPs)
             Began as a Troll Monk on Feb 18, 2022.
             Was a Priest of Sif Muna.
             Slain by a gnoll (7 damage)
             ... on level 3 of the Dungeon.
             The game lasted 00:01:13 (1237 turns).

RighteousDevil the Ruffian (Troll Monk)             Turns: 1237, Time: 00:01:14

Health: 0/44       AC:  4    Str: 21    XL:     4   Next: 10%
Magic:  3/3        EV: 10    Int:  6    God:    Sif Muna [***...]
Gold:   114        SH:  0    Dex: 12    Spells: 3/3 levels left

rFire   . . .      SeeInvis .     - Unarmed
rCold   . . .      Faith    .   (no shield)
rNeg    . . .      Spirit   .   a - +0 robe
rPois   .          Reflect  .   (helmet restricted)
rElec   .          Harm     .   (no cloak)
rCorr   .          Rampage  .   (gloves unavailable)
Will    .....                   (boots unavailable)
Stlth   ++........              (no amulet)
HPRegen 0.94/turn               (no ring)
MPRegen 0.08/turn               (no ring)

@: no status effects
A: large, unfitting armour, claws 3, regeneration 1, shaggy fur 1, tough skin 1
a: Renounce Religion, Channel Magic, Forget Spell


You were on level 3 of the Dungeon.
You worshipped Sif Muna.
Sif Muna was most pleased with you.
You visited 1 branch of the dungeon, and saw 3 of its levels.

You collected 114 gold pieces.

Inventory:

Missiles
 e - 5 boomerangs (quivered)
Armour
 a - a +0 robe (worn)
Scrolls
 b - a scroll of teleportation {unknown}
 c - a scroll of vulnerability {unknown}
 d - a scroll of identify {unknown}
 f - a scroll of amnesia {unknown}
 h - a scroll of noise {unknown}
 i - a scroll of fog {unknown}
 j - a scroll of enchant weapon {unknown}
Potions
 g - 2 potions of berserk rage {unknown}


   Skills:
 - Level 2.4 Fighting
 - Level 2.4 Dodging
 - Level 1.0 Stealth
 + Level 5.0 Unarmed Combat


You had 3 spell levels left.
You didn't know any spells.
Your spell library was empty.

Dungeon Overview and Level Annotations

Branches:
Dungeon (2/15)

Altars:
Sif Muna

Annotations:
D:3 1 runed translucent door, aubilenon's ghost, amateur OpTm


Innate Abilities, Weirdness & Mutations

You are too large for most types of armour.
You have claws for hands.
Your natural rate of healing is unusually fast.
You are covered in fur. (AC +1)
You have tough skin. (AC +1)


Message History

The gnoll hits you with a +0 flail. The gnoll barely misses you.
You completely miss the gnoll.
The gnoll is lightly wounded.
The gnoll hits you with a +0 flail.
* * * LOW HITPOINT WARNING * * *
The gnoll barely misses you.
You scratch the gnoll but do no damage.
The gnoll is lightly wounded.
The gnoll barely misses you. x2
You scratch the gnoll.
The gnoll is heavily wounded.
The gnoll barely misses you.
The gnoll hits you from afar with a +0 halberd.
* * * LOW HITPOINT WARNING * * *
You scratch the gnoll.
The gnoll is almost dead.
The gnoll closely misses you.
You claw the gnoll!
You kill the gnoll!
Sif Muna accepts your kill. The gnoll barely misses you.
Your Unarmed Combat skill increases to level 5!
You have reached level 4!
The gnoll hits you with a +0 halberd.
* * * LOW HITPOINT WARNING * * *
You see here a +0 flail.
You scratch the gnoll.
The gnoll is lightly wounded.
The gnoll barely misses you.
You closely miss the gnoll.
The gnoll is lightly wounded.
The gnoll hits you with a +0 halberd.
* * * LOW HITPOINT WARNING * * *
You closely miss the gnoll.
The gnoll is lightly wounded.
The gnoll closely misses you.
You closely miss the gnoll.
The gnoll is lightly wounded.
The gnoll hits you with a +0 halberd!
You die...

### ##### ##.. ...#
#...##########.#######
.....##........g@..(.#
......#.######.#####.#
........#####..###
#.############
........##...g...#
#...).........
...)..........##.#
##############
#...##..##.##.##.# # ##.#
#..##.##.##.# ##### ...
#..##.##.##.# #.... ..
...##.##.##.############....


You could see a gnoll.

Vanquished Creatures
  2 gnolls (D:3)
  An adder (D:3)
  A worm (D:3)
  A dart slug (D:2)
  An orc (D:3)
  A ball python (D:1)
  5 endoplasms
  2 giant cockroaches (D:1)
  5 goblins (D:1)
  2 hobgoblins (D:1)
  5 jackals (D:3)
  A kobold (D:2)
  2 quokkas (D:3)
  5 bats
  A rat (D:1)
35 creatures vanquished.

Notes
Turn   | Place    | Note
-------+----------+-------------------------------------------
     0 | D:1      | RighteousDevil the Troll Monk began the quest for the Orb.
     0 | D:1      | Reached XP level 1. HP: 22/22 MP: 0/0
   302 | D:1      | Reached XP level 2. HP: 29/29 MP: 1/1
   408 | D:1      | Found a faded altar of an unknown god.
   460 | D:1      | Prayed at the altar of an unknown god.
   460 | D:1      | Became a worshipper of Sif Muna the Loreminder
   460 | D:1      | Reached * piety under Sif Muna
   460 | D:1      | Reached ** piety under Sif Muna
   599 | D:1      | Reached skill level 4 in Unarmed Combat
   789 | D:2      | You fall into a shaft and drop 1 floor!
   818 | D:3      | Reached *** piety under Sif Muna
   819 | D:3      | Reached XP level 3. HP: 36/36 MP: 2/2
  1037 | D:3      | Found a runed translucent door.
  1039 | D:3      | Noticed a bullfrog
  1144 | D:3      | Noticed aubilenon's ghost (amateur OpTm)
  1233 | D:3      | Reached skill level 5 in Unarmed Combat
  1233 | D:3      | Reached XP level 4. HP: 8/44 MP: 3/3
  1237 | D:3      | Slain by a gnoll

Illustrated notes

Levels and vault maps discovered:
D:1:      psy_arrival_basics, layout_loops_ring,
          hellmonk_ecumenical_altar_pennies_from_heaven
D:2:      layout_rooms
D:3:      layout_loops_ring, ebering_ghost_sewer_d

Skill      XL: |  1  2  3 |
---------------+----------+-----
Unarmed Combat | 4 5 |  5.0
Fighting       | |  2.4
Dodging        | |  2.4
Stealth        | |  1.0

Action                   |  1- 3 |  4- 6 || total
-------------------------+-------+-------++-------
Melee: Unarmed           |    87 |     4 ||    91
       Punch             |     2 |       ||     2
 Stab: Sleeping          |     4 |       ||     4
Armor: Robe              |    26 |       ||    26
Dodge: Dodged            |    44 |     2 ||    46
